 Dungeon Crawl Stone Soup version 0.24-a0-378-g94936e539c (webtiles) character file.

Game seed: 25701675387344650

3733 HAL9000 the Transmogrifier (level 9, -5/73 (74) HPs)
             Began as a Yellow Draconian Transmuter on June 1, 2019.
             Was an Initiate of Ru.
             Slain by Harold
             ... wielding a +0 short sword
              (18 damage)
             ... on level 8 of the Dungeon.
             The game lasted 00:16:35 (11065 turns).

HAL9000 the Transmogrifier (DrTm)                  Turns: 11065, Time: 00:16:35

HP:   -5/73 (74)    AC:  8    Str: 14    XL:     9   Next: 92%
MP:   17/21         EV: 12    Int: 13    God:    Ru [......]
Gold: 308           SH:  0    Dex: 14    Spells: 1/12 levels left

rFire    . . .     SeeInvis .     - Unarmed
rCold    . . .     Gourm    +   (no shield)
rNeg     . . .     Faith    .   (armour unavailable)
rPois    +         Spirit   .   (helmet restricted)
rElec    .         Reflect  .   (no cloak)
rCorr    +         Harm     .   (no gloves)
MR       .....                  I - +0 pair of boots
Stlth    +.........             q - amulet of the gourmand
HPRegen  0.22/turn              u - ring of poison resistance
MPRegen  0.17/turn              g - ring of magical power

@: about to teleport
A: spit acid, unfitting armour, cold-blooded, acid resistance, AC +7
a: Breathe Acid, Sacrifice Words, Sacrifice Courage, Sacrifice Essence, Reject
Sacrifices, Renounce Religion


You were on level 8 of the Dungeon.
You worshipped Ru.
Ru was noncommittal.
You were very full.

You visited 2 branches of the dungeon, and saw 9 of its levels.

You collected 308 gold pieces.

Inventory:

Missiles
 a - 57 arrows
 i - a throwing net
 r - 13 boomerangs (quivered)
 F - 43 poisoned darts
Armour
 I - a +0 pair of boots (worn)
Magical Staves
 A - an uncursed staff of summoning
Jewellery
 e - an uncursed ring of protection from fire
 g - a ring of magical power (right hand)
 q - an amulet of the gourmand (around neck)
 u - a ring of poison resistance (left hand)
 E - an uncursed ring of protection from cold
 H - an uncursed ring of protection from cold
Wands
 f - a wand of random effects (13)
 n - a wand of acid (17)
 v - a wand of polymorph (12)
 y - a wand of clouds (2)
 J - a wand of iceblast (5)
Scrolls
 b - 2 scrolls of magic mapping {unknown}
 j - a scroll of enchant armour {unknown}
 k - 4 scrolls of remove curse
 p - 4 scrolls of teleportation
 w - a scroll of random uselessness {unknown}
 z - a scroll of enchant weapon {unknown}
 B - a scroll of amnesia {unknown}
 C - a scroll of fog {unknown}
 D - a scroll of blinking {unknown}
 K - a scroll of noise {unknown}
Potions
 d - a potion of brilliance
 h - a potion of magic
 l - 3 potions of heal wounds
 m - 3 potions of berserk rage
 o - a potion of agility
 s - 2 potions of haste
 t - a potion of might
 x - a potion of invisibility
 G - 3 potions of curing {unknown}
Comestibles
 c - 21 rations


   Skills:
 + Level 5.5 Fighting
 - Level 1.7 Dodging
 - Level 8.3 Unarmed Combat
 - Level 2.0 Spellcasting
 - Level 11.0 Transmutations


You had one spell level left.
You knew the following spells:

 Your Spells              Type           Power        Failure   Level  Hunger
a - Beastly Appendage     Tmut           ####..       1%          1    ##.....
b - Sticks to Snakes      Tmut           ####....     1%          2    ###....
c - Spider Form           Tmut/Pois      ###.......   8%          3    ####...
d - Blade Hands           Tmut           ####......   8%          5    ######.

Your spell library contained the following spells:

 Spells                   Type           Power        Failure   Level  Hunger
 Corona                   Hex            #......      26%         1    ##.....
 Ice Form                 Ice/Tmut       ###.....     26%         4    #####..
 Slow                     Hex            #.......     36%         2    ###....
 Inner Flame              Hex/Fire       #.......     58%         3    ####...
 Portal Projectile        Hex/Tloc       #.....       58%         3    ####...
 Cause Fear               Hex            #.........   94%         4    #####..
 Leda's Liquefaction      Hex/Erth       #.........   94%         4    #####..


Dungeon Overview and Level Annotations

Branches:
Dungeon (8/15)             Temple (1/1) D:5
   Lair: D:8-11

Altars:
Ashenzari
Cheibriados
Dithmenos
Elyvilon
Fedhas
Gozag
Hepliaklqana
Kikubaaqudgha
Makhleb
Nemelex Xobeh
Okawaru
Qazlal
Ru
Sif Muna
Trog
Vehumet
Xom
Yredelemnul
Zin
The Shining One

Shops:
D:5 %

Annotations:
D:4 1 runed translucent door, feta's ghost, novice BaFi
D:8 Harold


Innate Abilities, Weirdness & Mutations

You can spit globs of acid.
Your golden yellow scales are hard. (AC +7)
You cannot fit into any form of body armour.
You are cold-blooded and may be slowed by cold attacks.
You are resistant to acid. (rCorr)


Message History

Confirm with . or Enter, or press ? or * to list all spells.
You create a snake!
You now have 57 arrows.
The bullfrog barely misses you. Harold hits you with a +0 short sword!
* * * LOW HITPOINT WARNING * * *
Your ball python bites Harold but does no damage.
Your ball python grabs Harold.
Your ball python constricts Harold.
The bullfrog hits you.
* * * LOW HITPOINT WARNING * * *
The phantom barely misses your adder.
Okay, then.
Unknown command.
As you read the scroll of teleportation, it crumbles to dust.
You feel strangely unstable. Harold hits you but does no damage.
Your ball python bites Harold.
Your ball python constricts Harold.
The bullfrog completely misses you.
Your adder barely misses the phantom.
The phantom hits your adder.
The phantom blinks!
You shred the net and break free! The bullfrog closely misses you.
Your ball python bites Harold.
Your ball python constricts Harold.
Harold hits you with a +0 short sword!!
You die...

#...# #.. #<#.# #..
###.# #.. #.# #.. #.#
#.. #.# #..
########+###.######..
#.S........#.##...#..
#..@@......'.........
#......F......###.......
#.....S######.# #.##....
#/....ยง# #.# #.##(...
#......# #.# #.##....
#......# #.# #.##....
#......# ... ..##....
#......# ..# ####....
... #....


You could see Harold, a bullfrog, a friendly adder and a friendly ball python.

Vanquished Creatures
  A two-headed ogre (D:8)
  A hornet (D:8)
  Sigmund (D:5)
  Eustachio (D:6)
  A human (D:8)
  Edmund (D:6)
  A black bear (D:2)
  An ice beast (D:7)
  A sky beast (D:5)
  A necrophage (D:7)
  A centaur (D:7)
  5 bullfrogs
  Blork the orc (D:5)
  2 scorpions
  A howler monkey (D:7)
  A crimson imp (D:5)
  A bullfrog zombie (D:6)
  2 orc priests (D:6)
  2 jellies
  A centaur skeleton (D:4)
  A hound (D:4)
  2 orc wizards
  Jessica (D:2)
  7 worker ants
  A hound zombie (D:3)
  A hound skeleton (D:4)
  5 gnolls
  2 worker ant zombies
  8 adders
  2 oozes (D:3)
  An adder zombie (D:6)
  3 dart slugs
  9 leopard geckos
  14 orcs
  11 bats
  6 giant cockroaches
  6 goblins
  2 hobgoblins
  11 jackals
  3 kobolds
  5 quokkas
  2 ball pythons
  3 frilled lizards
  A leopard gecko skeleton (D:4)
  4 rats
138 creatures vanquished.

Vanquished Creatures (collateral kills)
  2 two-headed ogres (D:8)
  An orc priest (D:7)
  A worker ant (D:7)
  2 worms
  2 orcs (D:7)
8 creatures vanquished.

Vanquished Creatures (others)
  Ijyb (D:5)
1 creature vanquished.

Grand Total: 147 creatures vanquished

Notes
Turn   | Place    | Note
-------+----------+-------------------------------------------
     0 | D:1      | HAL9000 the Draconian Transmuter began the quest for the
                  | Orb.
     0 | D:1      | Reached XP level 1. HP: 16/16 MP: 3/3
   187 | D:1      | Reached XP level 2. HP: 16/23 MP: 3/5
   777 | D:1      | Reached XP level 3. HP: 13/28 MP: 6/6
   940 | D:1      | Learned a level 2 spell: Sticks to Snakes
   944 | D:1      | Learned a level 3 spell: Spider Form
  1767 | D:2      | Reached skill level 3 in Transmutations
  2188 | D:2      | Reached XP level 4. HP: 28/35 MP: 7/7
  2244 | D:2      | Noticed Jessica
  2246 | D:2      | Killed Jessica
  2479 | D:2      | Noticed a black bear
  2495 | D:2      | Killed a black bear
  2495 | D:2      | Reached skill level 4 in Transmutations
  2495 | D:2      | Reached XP level 5. HP: 22/40 MP: 8/8
  2775 | D:3      | You fall into a shaft and drop 3 floors!
  2783 | D:6      | Reached skill level 5 in Transmutations
  2810 | D:5      | Entered Level 5 of the Dungeon
  3086 | D:3      | Reached XP level 6. HP: 40/47 MP: 9/9
  4075 | D:3      | Reached skill level 6 in Transmutations
  4897 | D:4      | Reached skill level 7 in Transmutations
  4897 | D:4      | Your scales start taking on a golden yellow colour.
  4897 | D:4      | Reached XP level 7. HP: 38/52 MP: 10/10
  4897 | D:4      | Gained mutation: You are resistant to acid. (rCorr) [Yellow
                  | Draconian growth]
  5258 | D:4      | Found an iron altar of Okawaru.
  5275 | D:4      | Found an opulent altar of Gozag.
  5279 | D:4      | Found a runed translucent door.
  5279 | D:4      | Noticed feta's ghost (novice BaFi)
  5279 | D:4      | Noticed a yak
  5420 | D:4      | Found a shadowy altar of Dithmenos.
  5771 | D:4      | Found a shimmering altar of Xom.
  5944 | D:5      | Noticed Blork the orc
  5957 | D:5      | Killed Blork the orc
  6351 | D:5      | Noticed Sigmund
  6362 | D:5      | Killed Sigmund
  6362 | D:5      | Reached skill level 8 in Transmutations
  6499 | D:5      | Noticed Ijyb
  6521 | D:5      | Killed Ijyb
  6719 | D:5      | Found a glowing golden altar of the Shining One.
  6772 | D:5      | Found Kuxiel's Food Shop.
  6797 | D:5      | Reached skill level 9 in Transmutations
  6797 | D:5      | Reached XP level 8. HP: 28/59 MP: 11/11
  6963 | D:5      | Learned a level 5 spell: Blade Hands
  7028 | D:5      | Found a staircase to the Ecumenical Temple.
  7045 | Temple   | Entered the Ecumenical Temple
  7731 | D:6      | Found a sacrificial altar of Ru.
  7734 | D:6      | Became a worshipper of Ru the Awakened
  7753 | D:6      | Found an ancient bone altar of Kikubaaqudgha.
  7780 | D:6      | Noticed Eustachio
  7791 | D:6      | Killed Eustachio
  8070 | D:6      | Noticed Edmund
  8083 | D:6      | Killed Edmund
  8083 | D:6      | Reached skill level 10 in Transmutations
  9347 | D:7      | Reached skill level 11 in Transmutations
  9673 | D:8      | Noticed a hornet
  9683 | D:8      | Killed a hornet
  9683 | D:8      | Reached skill level 5 in Unarmed Combat
  9683 | D:8      | Reached XP level 9. HP: 18/67 MP: 12/12
 10170 | D:8      | Noticed a two-headed ogre
 10183 | D:8      | Killed a two-headed ogre
 10642 | D:8      | Noticed a two-headed ogre
 10660 | D:8      | Killed a two-headed ogre
 10701 | D:8      | Noticed a two-headed ogre
 10723 | D:8      | Killed a two-headed ogre
 10723 | D:8      | Reached skill level 5 in Fighting
 11055 | D:8      | Noticed Harold
 11065 | D:8      | Slain by Harold

Levels and vault maps discovered:
D:1:      mrwooster_arrival_statue_3, layout_loops_corners
D:2:      layout_basic, first_ration, bh_walls_and_bars, uniq_jessica
D:3:      layout_rooms
D:4:      layout_basic, nicolae_overflow_hidden_temple,
          lemuel_coloured_pillars_altar, ebering_ghost_inner_flame
D:5:      layout_loops_corners, tso_oasis_becter, minmay_temple_entry_junction,
          serial_shops, shop, uniq_ijyb, uniq_sigmund, uniq_blork_the_orc
D:6:      layout_rooms, kiku_gazebo_garden_becter, kennysheep_mini,
          roderic_serpentine_path, uniq_edmund, uniq_eustachio
D:7:      layout_basic
D:8:      layout_basic, grunt_pizzeria, uniq_harold
Temple:   nicolae_temple_figure_eight

Skill      XL: |  1  2  3  4  5  6  7  8  9 |
---------------+----------------------------+-----
Unarmed Combat | 4 5 8 |  8.3
Transmutations | 3 4 5 7 9 11 | 11.0
Fighting       | 5 |  5.5
Dodging        | |  1.7
Spellcasting   | |  2.0

Action                   |  1- 3 |  4- 6 |  7- 9 || total
-------------------------+-------+-------+-------++-------
Melee: Unarmed           |   143 |   209 |   419 ||   771
       Tailslap          |    12 |    23 |    44 ||    79
       Headbutt          |     9 |     5 |     2 ||    16
       Punch             |     1 |     1 |     9 ||    11
       Kick              |     5 |    15 |     3 ||    23
 Cast: Beastly Appendage |    17 |    15 |     4 ||    36
       Sticks to Snakes  |     1 |     2 |    28 ||    31
       Spider Form       |       |       |     8 ||     8
       Blade Hands       |       |       |     6 ||     6
 Abil: Breathe Acid      |       |       |    12 ||    12
       End Transformatio |       |       |     2 ||     2
  Use: Scroll            |       |     1 |     8 ||     9
 Stab: Sleeping          |     3 |     3 |     3 ||     9
       Distracted        |       |       |     1 ||     1
  Eat: Chunk             |     4 |    15 |    30 ||    49
Armor: Skin              |    54 |    75 |   103 ||   232
Dodge: Dodged            |   124 |   169 |   233 ||   526

Table legend:
 A = Non-vault XP
 B = Vault XP
 C = Vault XP percentage of total XP
 D = Non-vault monster count
 E = Vault monster count
 F = Vault count percentage of total count
                 A         B        C        D         E       F
            +---------+---------+-------+---------+---------+-------
      Total |    4471 |     863 |  16.2 |     140 |       6 |   4.1
            +---------+---------+-------+---------+---------+-------
        D:1 |      56 |       0 |   0.0 |      23 |       0 |   0.0
        D:2 |     140 |      37 |  20.9 |      12 |       1 |   7.7
        D:3 |     195 |       0 |   0.0 |      23 |       0 |   0.0
        D:4 |     312 |       0 |   0.0 |      23 |       0 |   0.0
        D:5 |     379 |     293 |  43.6 |      15 |       2 |  11.8
        D:6 |     399 |     344 |  46.3 |      17 |       2 |  10.5
        D:7 |     705 |       0 |   0.0 |      17 |       0 |   0.0
        D:8 |    2285 |     189 |   7.6 |      10 |       1 |   9.1
            +---------+---------+-------+---------+---------+-------
